 Dungeon Crawl Stone Soup version 0.29-a0-321-gf1c400731a (webtiles) character file.

Game seed: 17510021257036960147

95 Flugslaktarn the Vexing (level 4, -1/31 (35) HPs)
             Began as a Palentonga Enchanter on Apr 3, 2022.
             Slain by a wight
             ... wielding a +2 flail
              (5 damage)
             ... on level 5 of the Dungeon.
             The game lasted 00:07:27 (987 turns).

Flugslaktarn the Vexing (Palentonga Enchanter)       Turns: 987, Time: 00:07:27

HP:   -1/31 (35)    AC:  5    Str: 11    XL:     4   Next: 39%
MP:   7/7           EV: 14    Int: 15    God:
Gold: 72            SH:  0    Dex: 13    Spells: 5/7 levels left

rFire   . . .      SeeInvis +   k - +1 dagger (speed)
rCold   . . .      Faith    .   (no shield)
rNeg    . . .      Spirit   .   b - +0 robe
rPois   .          Reflect  .   e - +0 helmet
rElec   .          Harm     .   (no cloak)
rCorr   .          Rampage  .   (no gloves)
Will    .....                   (no barding)
Stlth   ++........              (no amulet)
HPRegen 0.10/turn               v - +4 ring of evasion
MPRegen 0.10/turn               (no ring)

@: heavily drained, invisible
A: large, rugged brown scales 3, see invisible, deformed body, roll 1, armoured
tail
a: Rolling Charge


You were on level 5 of the Dungeon.
You visited 1 branch of the dungeon, and saw 6 of its levels.

You collected 72 gold pieces.

Inventory:

Hand Weapons
 a - a +1 dagger
 k - a +1 dagger of speed (weapon)
   (You found it on level 3 of the Dungeon)
 l - a +0 vampiric dagger
   (You took it off a goblin on level 3 of the Dungeon)
 o - a +1 dagger of venom
   (You took it off an orc on level 5 of the Dungeon)
Missiles
 i - 5 javelins (quivered)
Armour
 b - a +0 robe (worn)
 e - a +0 helmet (worn)
   (You found it on level 1 of the Dungeon)
Jewellery
 v - a +4 ring of evasion (left hand)
   (You found it on level 3 of the Dungeon)
Scrolls
 g - a scroll of fog
 h - a scroll of identify {unknown}
 m - a scroll of noise {unknown}
Potions
 c - a potion of lignification {unknown}
 d - a potion of berserk rage {unknown}
 f - a potion of might {unknown}
 j - a potion of curing {unknown}
 p - 2 potions of brilliance {unknown}


   Skills:
 - Level 2.0 Fighting
 - Level 2.0 Short Blades
 - Level 1.5 Dodging
 - Level 2.0 Stealth
 - Level 2.0 Spellcasting
 + Level 4.0 Hexes
 - Level 1.0 Ice Magic


You had 5 spell levels left.
You knew the following spells:

 Your Spells              Type           Power      Damage    Failure   Level
a - Ensorcelled Hibernat  Hex/Ice        18%        N/A       12%         2

Your spell library contained the following spells:

 Spells                   Type           Power      Damage    Failure   Level
 Confusing Touch          Hex            13%        N/A       13%         3
 Tukima's Dance           Hex            13%        N/A       13%         3
 Dazzling Flash           Conj/Hex       14%        N/A       28%         3
 Gell's Gravitas          Tloc           1%         N/A       54%         3
 Teleport Other           Tloc           1%         N/A       54%         3
 Dispersal                Tloc           0%         N/A       100%        6


Dungeon Overview and Level Annotations

Branches:
Dungeon (6/15)
 Temple: D:4-7

Altars:

Annotations:
D:5 3 runed translucent doors


Innate Abilities, Weirdness & Mutations

You are completely covered in rugged brown scales. (AC +3, +7% HP)
You have supernaturally acute eyesight. (SInv)
Armour fits poorly on your strangely shaped body.
You can roll at nearby foes to attack.
You have a long armoured tail.


Message History

The white imp hits you but does no damage.
You barely miss the white imp.
The white imp is lightly wounded.
You hit the white imp.
The white imp is moderately wounded.
The white imp summons a swarm of flies.
The white imp gestures at you. The puff of frost hits you!
You hit the white imp.
The white imp is moderately wounded.
You hit the white imp.
The white imp is heavily wounded.
The white imp hits you. The white imp freezes you.
You closely miss the white imp.
The white imp is heavily wounded.
The white imp hits you but does no damage.
You hit the white imp but do no damage. You tail-slap the white imp.
The white imp is almost dead.
You hit the white imp.
You kill the white imp!
Your Hexes skill increases to level 4!
Things that are here:
a +1 dagger of venom; a +0 leather armour; an orc corpse Your +1 dagger of venom begins to drip with poison!
o - a +1 dagger of venom (weapon)
Found 20 stones.
i - 4 javelins (gained 1)
i - 5 javelins (gained 1)
p - a smoky amethyst potion
p - 2 smoky amethyst potions (gained 1)
Found 16 gold pieces.
You now have 72 gold pieces (gained 16).
Found a glowing whip.
You see here a +0 whip of venom. 2 wights come into view.
Okay, then.
There is a stone staircase leading down here.
You climb downwards.
Found a garnet ring.
There is a stone staircase leading up here.
Unknown command.
The orc warrior shouts!
The howler monkey howls!
The white imp shouts, "Crawl home, thou fulsome limp-willed pumpion!"
You climb upwards.
Level annotation: 3 runed translucent doors
There is a stone staircase leading down here.
You aren't carrying any items that you can evoke.
Unknown command.
Okay, then.
Press: ? - help, v - describe, . - travel
Here: a wight, wielding a +2 flail and wearing a +0 robe The floor.
Unknown command.
Your +1 dagger of venom stops dripping with poison.
Your hands tingle!
k - a +1 dagger of speed (weapon)
Roll where?
Press: ? - help, Dir - move target, f - wight
Aim: a wight, wielding a +2 flail and wearing a +0 robe You roll forward with a clatter of scales!
You hit the wight but do no damage. The wight closely misses you.
Unknown command.
You closely miss the wight. The wight hits you with a +2 flail!
You feel drained.
You hit the wight but do no damage. You closely miss the wight.
You tail-slap the wight.
The wight is moderately damaged.
The wight hits you but does no damage.
You closely miss the wight.
Your tail-slap misses the wight.
Your punch misses the wight.
The wight is moderately damaged.
The wight misses you.
You hit the wight.
The wight is heavily damaged.
You barely miss the wight.
The wight is heavily damaged.
The wight closely misses you.
You hit the wight but do no damage.
The wight is heavily damaged.
You barely miss the wight.
The wight is heavily damaged.
The wight misses you.
You hit the wight but do no damage.
The wight is heavily damaged.
The wight hits you with a +2 flail!
You feel drained.
You closely miss the wight.
You tail-slap the wight, but do no damage.
The wight is heavily damaged.
You closely miss the wight.
The wight is heavily damaged.
The wight hits you with a +2 flail!
* * * LOW HITPOINT WARNING * * *
You feel drained.
* * * LOW HITPOINT WARNING * * *
Unknown command.
Okay, then.
Unknown command.
You fade into invisibility!
The wight hits you with a +2 flail.
You die...

#......>.......##
##...............#
#................#
#................#
##.............###
##...........##
####......###
#z.###### #@.# #..#
#.#########
####.###.....####
###....#..........##
#...................#
...#####............#
## ##............#
#.....<.......#


You could see a wight (can't see you).

Vanquished Creatures
  3 gnolls (D:3)
  2 adders (D:2)
  A white imp (D:5)
  An ufetubus (D:4)
  An orc (D:5)
  An endoplasm (D:1)
  4 goblins (D:3)
  4 hobgoblins
  2 jackals (D:1)
  2 quokkas
  6 ball pythons
  3 frilled lizards
  3 kobolds
  2 rats
35 creatures vanquished.

Notes
Turn   | Place    | Note
-------+----------+-------------------------------------------
     0 | D:1      | Flugslaktarn the Palentonga Enchanter began the quest for
                  | the Orb.
     0 | D:1      | Reached XP level 1. HP: 13/13 MP: 3/3
    67 | D:1      | Reached skill level 1 in Fighting
   143 | D:2      | Reached XP level 2. HP: 19/23 MP: 5/5
   155 | D:2      | Learned a level 2 spell: Ensorcelled Hibernation
   245 | D:2      | Reached XP level 3. HP: 17/28 MP: 1/6
   347 | D:3      | Reached skill level 1 in Ice Magic
   589 | D:3      | Reached XP level 4. HP: 20/35 MP: 7/7
   773 | D:5      | Entered Level 5 of the Dungeon
   774 | D:5      | Found a runed translucent gate.
   774 | D:5      | Found a runed translucent gate.
   775 | D:5      | Found a runed translucent gate.
   848 | D:5      | Reached skill level 4 in Hexes
   961 | D:6      | Noticed an orc warrior
   961 | D:6      | Noticed a sky beast
   987 | D:5      | Slain by a wight

Illustrated notes

Levels and vault maps discovered:
D:1:      eino_arrival_cavern_e, layout_rooms,
          hellmonk_ecumenical_altar_prayer_group
D:2:      layout_basic
D:3:      layout_loops_ring, minmay_goblin_outpost
D:4:      layout_loops_cross, lightli_corner_chamber
D:5:      layout_cave_pods, gammafunk_ghost_necromancy
D:6:      layout_cave_pods, lemuel_crystal_altar, minmay_holes,
          hangedman_decor_slide_cut, st_stairs_10, uniq_eustachio

Skill      XL: |  1  2  3  4 |
---------------+-------------+-----
Fighting       | 1 2 |  2.0
Ice Magic      | 1 |  1.0
Short Blades   | 2 |  2.0
Hexes          | 4 |  4.0
Dodging        | |  1.5
Stealth        | |  2.0
Spellcasting   | |  2.0

Action                   |  1- 3 |  4- 6 || total
-------------------------+-------+-------++-------
Melee: Dagger            |    70 |    58 ||   128
       Tailslap          |     2 |     8 ||    10
       Punch             |     1 |     1 ||     2
Throw: Javelin           |       |     2 ||     2
 Cast: Ensorcelled Hiber |     6 |     5 ||    11
 Abil: Rolling Charge    |     3 |     2 ||     5
  Use: Potion            |     2 |     1 ||     3
       Scroll            |       |     1 ||     1
 Stab: Sleeping          |     7 |     2 ||     9
       Invisible         |     3 |       ||     3
Armor: Robe              |    11 |     9 ||    20
Dodge: Dodged            |    36 |    25 ||    61

Table legend: (Time is in decaauts)
 A = Elapsed time spent in this place.
 B = Non-inter-level travel time spent in this place.
 C = Inter-level travel time spent in this place.
 D = Time resting spent in this place.
 E = Time spent auto-exploring this place.
 F = Levels seen in this place.
 G = Mean time per level.
                   A        B        C        D        E       F      G
               +--------+--------+--------+--------+--------+-----+--------+
         Total |    951 |    918 |     33 |      0 |      0 |   6 |  158.5 |
       Dungeon |    951 |    918 |     33 |      0 |      0 |   6 |  158.5 |
               +--------+--------+--------+--------+--------+-----+--------+

Top non-repeatable levels by time:
     D:3: 245 daAuts
     D:4: 229 daAuts
     D:5: 202 daAuts
     D:2: 138 daAuts
     D:1: 134 daAuts
     D:6: 1 daAuts
